 Dungeon Crawl Stone Soup version 0.29-a0-830-gcb1280458a (webtiles) character file.

Game seed: 18106050057163146845

5 Sabo the Shield-Bearer (level 1, -2/18 HPs)
             Began as a Formicid Fighter on July 12, 2022.
             Slain by a quokka (3 damage)
             ... on level 1 of the Dungeon.
             The game lasted 00:00:43 (46 turns).

Sabo the Shield-Bearer (Formicid Fighter)             Turns: 46, Time: 00:00:44

Health: -2/18      AC:  6    Str: 20    XL:     1   Next: 88%
Magic:  1/1        EV:  9    Int:  7    God:
Gold:   0          SH:  5    Dex: 13    Spells: 0/0 levels left

rFire   . . .      SeeInvis +   a - +0 war axe
rCold   . . .      Faith    .   c - +0 buckler
rNeg    . . .      Spirit   .   b - +0 scale mail
rPois   .          Reflect  .   (helmet unavailable)
rElec   .          Harm     .   (no cloak)
rCorr   .          Rampage  .   (no gloves)
Will    .....                   (no boots)
Stlth   ..........              (no amulet)
HPRegen 0.06/turn               (no ring)
MPRegen 0.07/turn               (no ring)

@: mighty
A: permanent stasis, dig shafts and tunnels, antennae 3, four strong arms
a: Dig, Shaft Self


You were on level 1 of the Dungeon.
You visited 1 branch of the dungeon, and saw 1 of its levels.

Inventory:

Hand Weapons
 a - a +0 war axe (weapon)
Armour
 b - a +0 scale mail (worn)
 c - a +0 buckler (worn)


   Skills:
 + Level 3.4 Fighting
 + Level 2.0 Axes
 + Level 3.4 Armour
 + Level 4.1 Shields


You couldn't memorise any spells.
You didn't know any spells.
Your spell library was empty.

Dungeon Overview and Level Annotations

Branches:
Dungeon (1/15)

Altars:


Innate Abilities, Weirdness & Mutations

You cannot be hasted, slowed, berserked, paralysed or teleported.
You can dig through walls and to a lower floor.
You have a pair of large antennae on your head. (SInv)
Your four strong arms can wield two-handed weapons with a shield.


Message History

You barely miss the frilled lizard. You closely miss the ball python.
The ball python bites you but does no damage.
The ball python grabs you. The ball python constricts you.
The hobgoblin hits you but does no damage.
The frilled lizard bites you. You block the ball python's attack.
The ball python constricts you.
You hit the hobgoblin.
The hobgoblin is severely wounded.
You closely miss the ball python. You closely miss the frilled lizard.
The hobgoblin hits you. The frilled lizard closely misses you.
The ball python bites you but does no damage.
The ball python constricts you.
The frilled lizard completely misses you.
The hobgoblin closely misses you.
You feel very mighty all of a sudden. The ball python bites you.
* * * LOW HITPOINT WARNING * * *
The ball python constricts you. The frilled lizard bites you.
* * * LOW HITPOINT WARNING * * *
The hobgoblin hits you but does no damage.
You block the ball python's attack. The ball python constricts you.
* * * LOW HITPOINT WARNING * * *
You hit the hobgoblin.
You kill the hobgoblin!
You barely miss the ball python. You closely miss the frilled lizard.
The frilled lizard bites you but does no damage.
The ball python bites you.
* * * LOW HITPOINT WARNING * * *
The ball python constricts you.
* * * LOW HITPOINT WARNING * * *
You slash the rat!
You kill the rat!
You slash the ball python!
You kill the ball python!
You completely miss the frilled lizard. You closely miss the quokka.
You block the frilled lizard's attack. You block the quokka's attack.
The frilled lizard barely misses you. The quokka barely misses you.
You closely miss the quokka. You closely miss the frilled lizard.
The quokka bites you.
You die...

#. #..#####)# .#...#
..##..#.....##......
#..)...............
#......##+#'##.....
#......#.....# ...
#......+.....# .
#.....?#..8.<#
#.....r+.....#
##...†@#.....#
#...l.##+#+##
......... ..#.......
.##.....$..
#.....>.## #.......#
........#


You could see a quokka and a frilled lizard.

Vanquished Creatures
  2 goblins (D:1)
  A hobgoblin (D:1)
  A ball python (D:1)
  A rat (D:1)
5 creatures vanquished.

Notes
Turn   | Place    | Note
-------+----------+-------------------------------------------
     0 | D:1      | Sabo the Formicid Fighter began the quest for the Orb.
     0 | D:1      | Reached XP level 1. HP: 18/18 MP: 1/1
    46 | D:1      | Slain by a quokka

Illustrated notes

Levels and vault maps discovered:
D:1:      minmay_arrival_solitary_statue, layout_rooms, serial_glass,
          glass_columns_a, glass_columns_a, glass_columns_a, glass_columns_b,
          glass_columns_c, minivault_14, minmay_curled_crystal,
          solitary_fountain, solitary_fountain

Action                   || total
-------------------------++-------
Melee: War axe           ||    15
  Use: Potion            ||     1
Armor: Scale mail        ||     8
Dodge: Dodged            ||     9
Block: Buckler           ||     8

Table legend: (Time is in decaauts)
 A = Elapsed time spent in this place.
 B = Non-inter-level travel time spent in this place.
 C = Inter-level travel time spent in this place.
 D = Time resting spent in this place.
 E = Time spent auto-exploring this place.
 F = Levels seen in this place.
 G = Mean time per level.
                   A        B        C        D        E       F      G
               +--------+--------+--------+--------+--------+-----+--------+
         Total |     52 |     52 |      0 |      0 |      0 |   1 |   52.0 |
       Dungeon |     52 |     52 |      0 |      0 |      0 |   1 |   52.0 |
               +--------+--------+--------+--------+--------+-----+--------+

Top non-repeatable levels by time:
     D:1: 52 daAuts
